 Dungeon Crawl Stone Soup version 0.22.0-6-g71bd7aa6b3 (webtiles) character file.

230 Kirk the Chopper (level 5, 1/39 HPs)
             Began as a Demonspawn Gladiator on Aug 15, 2018.
             Quit the game on level 4 of the Dungeon.
             The game lasted 00:04:10 (2630 turns).

Kirk the Chopper (Demonspawn Gladiator)             Turns: 2630, Time: 00:04:10

Health: 1/39       AC:  4    Str: 15    XL:     5   Next: 72%
Magic:  5/5        EV: 13    Int:  9    God:
Gold:   79         SH:  0    Dex: 15    Spells: 4/4 levels left

rFire    . . .     SeeInvis .   a - +0 war axe
rCold    . . .     Gourm    .   (no shield)
rNeg     . . .     Faith    .   b - +0 leather armour
rPois    .         Spirit   .   (helmet restricted)
rElec    .         Reflect  .   (no cloak)
rCorr    .         Harm     .   e - +0 pair of gloves
MR       .....                  (no boots)
Stlth    +.........             (no amulet)
HPRegen  0.13/turn              (no ring)
MPRegen  0.09/turn              (no ring)

@: lethally poisoned (1 -> 0)
A: claws 1, horns 1, rot immunity
a: no special abilities


You were on level 4 of the Dungeon.
You were hungry.

You visited 1 branch of the dungeon, and saw 4 of its levels.

You collected 79 gold pieces.

Inventory:

Hand Weapons
 a - a +0 war axe (weapon)
Missiles
 d - a throwing net (quivered)
 l - 10 poisoned needles
Armour
 b - a +0 leather armour (worn)
 c - a +0 helmet
 e - a +0 pair of gloves (worn)
Scrolls
 g - a scroll of remove curse {unknown}
 h - 2 scrolls of identify {unknown}
 i - a scroll of immolation {unknown}
 j - a scroll of enchant weapon {unknown}
 k - a scroll of teleportation {unknown}
 m - a scroll of amnesia {unknown}
 n - 2 scrolls of random uselessness {unknown}
Comestibles
 f - 7 rations


   Skills:
 + Level 2.7 Fighting
 * Level 5.3 Axes
 - Level 1.7 Throwing
 + Level 1.5 Armour
 - Level 2.6 Dodging


You had 4 spell levels left.
You didn't know any spells.
Your spell library was empty.

Dungeon Overview and Level Annotations

Branches:
Dungeon (4/15)
 Temple: D:4-7

Altars:


Innate Abilities, Weirdness & Mutations

You have sharp fingernails.
You have a pair of small horns on your head.
You are immune to rotting.


Message History

There is a stone staircase leading down here.
* * * LOW HITPOINT WARNING * * *
You feel sick.
You see here a chain mail.
* * * LOW HITPOINT WARNING * * *
You feel sick.
* * * LOW HITPOINT WARNING * * *
You feel sick.
* * * LOW HITPOINT WARNING * * *
You feel sick.
* * * LOW HITPOINT WARNING * * *
You feel sick.
* * * LOW HITPOINT WARNING * * *
You feel sick.
A worm comes into view.
* * * LOW HITPOINT WARNING * * *
You feel sick.
* * * LOW HITPOINT WARNING * * *
You feel sick.
Are you sure you want to abandon this character and quit the game? (Confirm with "yes".)

..............##.#
...####.......##.#
##'# ####....##.#
#(.# #....##o#
+[.+ #....##.#
#### #P...##o#
.....##.#
.....##.# P...##@#
#w# #.# ... ...
..... .....
....###


You could see a worm and 2 orcs.

Vanquished Creatures
  A scorpion (D:4)
  Robin (D:2)
  8 gnolls
  2 adders
  2 oozes (D:3)
  A worm (D:3)
  2 dart slugs (D:3)
  A leopard gecko (D:3)
  An orc (D:3)
  A giant cockroach (D:3)
  13 goblins
  7 hobgoblins
  4 kobolds
  A ball python (D:1)
  7 bats
  2 frilled lizards (D:1)
  10 rats
64 creatures vanquished.

Notes
Turn   | Place    | Note
-------+----------+-------------------------------------------
     0 | D:1      | Kirk the Demonspawn Gladiator began the quest for the Orb.
     0 | D:1      | Reached XP level 1. HP: 16/16 MP: 1/1
   112 | D:1      | Reached skill level 3 in Axes
   192 | D:1      | Gained mutation: You have a pair of small horns on your head. [demonic ancestry]
   192 | D:1      | Reached XP level 2. HP: 22/22 MP: 2/2
   408 | D:2      | Reached XP level 3. HP: 24/28 MP: 3/3
   409 | D:2      | Reached skill level 4 in Axes
   735 | D:2      | Noticed Robin
  1024 | D:2      | Gained mutation: You have sharp fingernails. [demonic ancestry]
  1024 | D:2      | Reached XP level 4. HP: 28/34 MP: 4/4
  1064 | D:2      | Killed Robin
  1725 | D:3      | Reached skill level 1 in Armour
  2167 | D:3      | Gained mutation: You are immune to rotting. [demonic ancestry]
  2167 | D:3      | Reached XP level 5. HP: 33/39 MP: 5/5
  2296 | D:3      | Reached skill level 5 in Axes
  2629 | D:4      | HP: 1/39 [poisoned by a scorpion]
  2630 | D:4      | Quit the game

Skill      XL: |  1  2  3  4  5 |
---------------+----------------+-----
Axes           | 3 4 5 |  5.3
Armour         | 1 |  1.5
Fighting       | |  2.7
Throwing       | |  1.7
Dodging        | |  2.6

Action                   |  1- 3 |  4- 6 || total
-------------------------+-------+-------++-------
Melee: War axe           |    57 |   111 ||   168
       Headbutt          |     6 |    22 ||    28
Throw: Throwing net      |       |     2 ||     2
  Use: Potion            |     1 |       ||     1
 Stab: Sleeping          |     1 |       ||     1
       Invisible         |     3 |       ||     3
  Eat: Chunk             |       |     5 ||     5
Armor: Leather armour    |    23 |    32 ||    55
Dodge: Dodged            |    61 |    86 ||   147
